 Dungeon Crawl Stone Soup version 0.30.0-20-g3615ddf2f0 (webtiles) character file.

Game seed: 14040670750972327602

48 qw the Chopper (level 3, -1/23 HPs)
             Began as a Gargoyle Fighter on May 29, 2023.
             Slain by a gnoll
             ... wielding a +1 halberd of venom
              (6 damage)
             ... on level 2 of the Dungeon.
             The game lasted 00:00:40 (934 turns).

qw the Chopper (Gargoyle Fighter)                    Turns: 934, Time: 00:00:41

Health: -1/23      AC: 10    Str: 21    XL:     3   Next: 72%
Magic:  3/3        EV:  9    Int:  8    God:
Gold:   49         SH:  4    Dex:  9    Spells: 2/2 levels left

rFire   . . .        Y - +0 war axe
rCold   . . .        c - +0 buckler
rNeg    + . .        b - +0 scale mail
rPois   inf          (no helmet)
rElec   +            (no cloak)
rCorr   .            (no gloves)
SInv    .            (no boots)
Will    .....        (no amulet) Stlth
                     (no ring)
HPRegen 0.23/turn    (no ring)
MPRegen 0.08/turn

%: no passive effects
@: no status effects
A: sickness immunity, AC +3, negative energy resistance 1, electricity
resistance, torment resistance 1, petrification resistance
a: no special abilities


You were on level 2 of the Dungeon.
You visited 1 branch of the dungeon, and saw 2 of its levels.

You collected 49 gold pieces.


Innate Abilities, Weirdness & Mutations

You are immune to sickness and miasma.
Your stone body is resilient. (AC +3)
You are immune to poison.
You resist negative energy. (rN+)
You are resistant to electric shocks. (rElec)
You are resistant to unholy torment.
You are immune to petrification.


   Skills:
 - Level 3.2 Fighting
 + Level 3.6 Axes
 - Level 3.2 Armour
 - Level 3.2 Shields


You had 2 spell levels left.
You didn't know any spells.
Your spell library was empty.

Inventory:

Hand Weapons
 i - a +0 mace
 Y - a +0 war axe (weapon)
Armour
 b - a +0 scale mail (worn)
 c - a +0 buckler (worn)
Scrolls
 e - a scroll of identify {unknown}
 g - a scroll of amnesia {unknown}
Potions
 a - a potion of magic {unknown}
 d - a potion of might
 f - 2 potions of brilliance {unknown}
 h - a potion of curing

Dungeon Overview and Level Annotations

Branches:
Dungeon (2/15)

Altars:
Hepliaklqana


Message History

Enter note:
Enter note:
Enter note:
Enter note:
Enter note:
Enter note:
Enter note:
Found a scroll labelled KEX HUNGUINUAT.
The gnoll closely misses you.
The frilled lizard bites you but does no damage.
Enter note:
Enter note:
Enter note:
Enter note:
Enter note:
Enter note:
Enter note:
Enter note:
Enter note:
Enter note:
Enter note:
Enter note: You slash the frilled lizard!
You kill the frilled lizard!
The gnoll hits you from afar with a +2 spear of flaming.
The gnoll burns you. The gnoll hits you but does no damage.
You closely miss the gnoll.
The gnoll hits you with a +2 whip of venom.
You block the gnoll's attack. The gnoll closely misses you.
The gnoll hits you with a +2 whip of venom.
The gnoll hits you but does no damage. The gnoll barely misses you.
The gnoll hits you with a +0 club.
You slash the gnoll!
The gnoll is heavily wounded.
You hit the gnoll. The gnoll closely misses you.
The gnoll hits you with a +0 club.
The gnoll hits you from afar with a +2 spear of flaming.
The gnoll burns you.
The gnoll hits you from afar with a +1 halberd of venom.
You die...

#.....#
#.?....#
#....>#
#..)...#
#.....####
#.>....#
#.........
#......#
#.........
#......
#.......#.
..gg.
#####..###
#gg# #......
#.@###
###...###
#....#
##....###.
##...#
#..##.# #.
##..#
###.###.# #.
#..# #...#
#.# #.
#..###..##
#.###.
#.......#
.##..
#....##.#
##...
.....#.....#
#...


You could see 4 gnolls.

Vanquished Creatures
  An adder (D:2)
  A worm (D:2)
  6 endoplasms
  2 giant cockroaches
  A hobgoblin (D:1)
  6 jackals (D:2)
  2 quokkas
  2 ball pythons
  3 frilled lizards
  3 goblins
  2 kobolds (D:2)
  6 rats
35 creatures vanquished.

Notes
Turn   | Place    | Note
-------+----------+-------------------------------------------
     0 | D:1      | qw the Gargoyle Fighter began the quest for the Orb.
     0 | D:1      | Reached XP level 1. HP: 14/14 MP: 1/1
     0 | D:1      | 0 ||| qw: Version: 0.2-a-101-gf424e7f
     0 | D:1      | 0 ||| qw: Game counter: 334
     0 | D:1      | 0 ||| qw: Always use a shield: true
     0 | D:1      | 0 ||| qw: God list: Okawaru
     0 | D:1      | 0 ||| qw: Allow faded altars: false
     0 | D:1      | 0 ||| qw: Do Orc after D:15 true
     0 | D:1      | 0 ||| qw: Do second Lair branch before Depths: true
     0 | D:1      | 0 ||| qw: Lair rune preference: random
     0 | D:1      | 0 ||| qw: Plans: Normal, Zot:1-4, Slime:5, God:TSO, Crypt,
                  | Tomb, Pan, Hells, Abyss, Win
     0 | D:1      | 0 ||| PLANNING D:1-11
   184 | D:1      | Reached XP level 2. HP: 19/19 MP: 2/2
   469 | D:1      | 469 ||| DROPPING +0 club.
   538 | D:1      | 538 ||| DROPPING amulet of magic regeneration.
   539 | D:1      | 539 ||| DROPPING ring of flight.
   540 | D:1      | 540 ||| READING scroll labelled RUTHRY UK VUUHE.
   541 | D:1      | 541 ||| READING 2 scrolls labelled AKLEWKU XETZEKAN.
   542 | D:1      | 542 ||| DRINKING 2 black potions.
   543 | D:1      | 543 ||| DROPPING scroll of fear.
   594 | D:2      | 594 ||| Stepping ~*~*~tactically~*~*~ (stealth).
   611 | D:2      | Found a hazy altar of Hepliaklqana.
   657 | D:2      | 657 ||| Stepping ~*~*~tactically~*~*~ (stealth).
   678 | D:2      | 678 ||| Stepping ~*~*~tactically~*~*~ (stealth).
   684 | D:2      | Reached skill level 3 in Axes
   686 | D:2      | 686 ||| Stepping ~*~*~tactically~*~*~ (stealth).
   716 | D:2      | 716 ||| Stepping ~*~*~tactically~*~*~ (stealth).
   718 | D:2      | 718 ||| Stepping ~*~*~tactically~*~*~ (stealth).
   723 | D:2      | Reached XP level 3. HP: 23/23 MP: 3/3
   784 | D:2      | 784 ||| Stepping ~*~*~tactically~*~*~ (stealth).
   934 | D:2      | HP: 5/23 [gnoll/+2 spear of flaming (1)]
   934 | D:2      | Slain by a gnoll

Levels and vault maps discovered:
D:1:      nagdon_arrival_double_spiral, layout_basic
D:2:      layout_rooms, basic_altar

Skill      XL: |  1  2 |
---------------+-------+-----
Axes           | 2 3 |  3.6
Fighting       | |  3.2
Armour         | |  3.2
Shields        | |  3.2

Action                     || total
---------------------------++-------
  Melee: War axe           ||    97
    Use: Scroll            ||     2
         Potion            ||     1
 Armour: Scale mail        ||    51
  Dodge: Dodged            ||    46
  Block: Buckler           ||    25

Table legend:
 A = Non-vault XP
 B = Vault XP
 C = Vault XP percentage of total XP
 D = Non-vault monster count
 E = Vault monster count
 F = Vault count percentage of total count
                 A         B        C        D         E       F
            +---------+---------+-------+---------+---------+-------
      Total |      69 |       0 |   0.0 |      35 |       0 |   0.0
            +---------+---------+-------+---------+---------+-------
        D:1 |      22 |       0 |   0.0 |      14 |       0 |   0.0
        D:2 |      47 |       0 |   0.0 |      21 |       0 |   0.0
            +---------+---------+-------+---------+---------+-------
